 Dungeon Crawl Stone Soup version 0.29.1-1-gd02db6906a (webtiles) character file.

Game seed: 15652385402633558867

256 firemarshallily the Trooper (level 5, -1/42 HPs)
             Began as a Demonspawn Gladiator on Oct 13, 2022.
             Was a Priest of Vehumet.
             Slain by Crazy Yiuf
             ... wielding a +4 quarterstaff of chaos
              (7 damage)
             ... on level 5 of the Dungeon.
             The game lasted 00:09:34 (5223 turns).

firemarshallily the Trooper (Demonspawn Gladiator)  Turns: 5223, Time: 00:09:35

Health: -1/42      AC:  6    Str: 15    XL:     5   Next: 92%
Magic:  0/8        EV: 13    Int:  9    God:    Vehumet [***...]
Gold:   270        SH:  0    Dex: 24    Spells: 5/8 levels left

rFire   . . .      SeeInvis .   v - +3 short sword (speed)
rCold   . . .      Faith    .   (no shield)
rNeg    + . .      Spirit   .   b - +0 leather armour
rPois   .          Reflect  .   c - +0 helmet
rElec   .          Harm     .   o - +0 cloak
rCorr   .          Rampage  .   (no gloves)
Will    .....                   w - +0 pair of boots
Stlth   +++.......              (no amulet)
HPRegen 0.14/turn               t - ring of positive energy
MPRegen 0.11/turn               x - +6 ring of dexterity

@: no status effects
A: thin skeletal structure 1, demonic magic 1
a: Renounce Religion


You were on level 5 of the Dungeon.
You worshipped Vehumet.
Vehumet was most pleased with you.
You visited 1 branch of the dungeon, and saw 5 of its levels.

You collected 270 gold pieces.

Inventory:

Hand Weapons
 a - a +0 long sword
 v - a +3 short sword of speed (weapon)
Missiles
 d - 3 throwing nets
 e - a javelin
 h - 22 stones
 n - 5 poisoned darts (quivered)
 q - 2 boomerangs
Armour
 b - a +0 leather armour (worn)
 c - a +0 helmet (worn)
 o - a +0 cloak (worn)
 w - a +0 pair of boots (worn)
Jewellery
 t - a ring of positive energy (left hand)
 x - a +6 ring of dexterity (right hand)
Scrolls
 i - 4 scrolls of amnesia {unknown}
 j - 2 scrolls of silence {unknown}
 k - a scroll of enchant weapon {unknown}
 m - 2 scrolls of identify {unknown}
 r - a scroll of brand weapon {unknown}
 s - a scroll of teleportation {unknown}
 y - a scroll of poison {unknown}
 z - a scroll of fear {unknown}
 A - 2 scrolls of torment {unknown}
 B - a scroll of vulnerability {unknown}
 D - a scroll of summoning {unknown}
 F - a scroll of acquirement {unknown}
Potions
 f - a potion of curing {unknown}
 g - 2 potions of flight {unknown}
 l - a potion of resistance {unknown}
 p - a potion of heal wounds {unknown}
 u - a potion of magic {unknown}
 C - a potion of haste {unknown}
 E - a potion of degeneration {unknown}
 G - a potion of mutation {unknown}


   Skills:
 + Level 3.8 Fighting
 + Level 2.2(3.3) Short Blades
 - Level 3.7(4.0) Long Blades
 - Level 1.7 Throwing
 - Level 2.6 Dodging
 - Level 0.4 Stealth
 + Level 2.2 Spellcasting


You had 5 spell levels left.
You knew the following spells:

 Your Spells              Type           Power      Damage    Failure   Level
a - Foxfire               Conj/Fire      4%         2x1d4     11%         1
b - Scorch                Fire           2%         2d5       16%         2

Your spell library contained the following spells:

 Spells                   Type           Power      Damage    Failure   Level
 Searing Ray              Conj           2%         2d4       16%         2
 Static Discharge         Conj/Air       1%         3-4/arc   16%         2
 Gell's Gravitas          Tloc           1%         N/A       77%         3
 Lesser Beckoning         Tloc           1%         N/A       77%         3
 Teleport Other           Tloc           1%         N/A       77%         3
 Lightning Bolt           Conj/Air       0%         1d11      93%         5
 Petrify                  Tmut/Erth      1%         N/A       99%         4
 Metabolic Englaciation   Hex/Ice        0%         N/A       100%        5
 Statue Form              Tmut/Erth      0%         N/A       100%        6
 Maxwell's Capacitive Co  Air            0%         ∞         100%        8


Dungeon Overview and Level Annotations

Branches:
Dungeon (5/15)
 Temple: D:4-7

Altars:
Vehumet

Annotations:
D:5 Crazy Yiuf


Innate Abilities, Weirdness & Mutations

You have a somewhat thin skeletal structure. (Dex +2, Stealth+)
Spells you cast may paralyse adjacent enemies.


Message History

You kill the orc!
Vehumet accepts your kill.
Things that are here:
a +0 trident; a +0 chain mail HP restored.
Found a hammer.
Found a runed translucent door.
You see here a +0 hammer.
Crazy Yiuf shouts!
Press: ? - help, v - describe, . - travel, g - get item Item here: a shimmering hammer.
The floor.
Unknown command.
You open the door.
Throw: 6 darts (poison)
Press: ? - help, Q - select action, (/) - cycle Shift-Dir - straight line, f - Crazy Yiuf
Aim: Crazy Yiuf, wielding a +4 quarterstaff of chaos and wearing a +2 cloak (69% to hit)
You throw a poisoned dart.
The poisoned dart closely misses Crazy Yiuf.
You closely miss Crazy Yiuf. Crazy Yiuf completely misses you.
You completely miss Crazy Yiuf. You hit Crazy Yiuf.
Crazy Yiuf is lightly wounded.
Crazy Yiuf hits you with a +4 quarterstaff of chaos!
You feel your power leaking away.
You hit Crazy Yiuf.
Crazy Yiuf is lightly wounded.
Crazy Yiuf hits you with a +4 quarterstaff of chaos!
You puncture Crazy Yiuf!
Crazy Yiuf is heavily wounded.
You closely miss Crazy Yiuf.
Crazy Yiuf is heavily wounded.
Crazy Yiuf hits you with a +4 quarterstaff of chaos!
* * * LOW HITPOINT WARNING * * *
Crazy Yiuf freezes you.
* * * LOW HITPOINT WARNING * * *
You hit Crazy Yiuf.
Crazy Yiuf is severely wounded.
Crazy Yiuf hits you with a +4 quarterstaff of chaos!
You die...

#####
#)(.#
#...#
...
#g#
#@##
##.#
#.##
##.#
##.##
##...#
#....#
#.)..#
##..##


You could see Crazy Yiuf.

Vanquished Creatures
  An orc priest (D:5)
  A jelly (D:4)
  2 iguanas (D:4)
  3 adders (D:4)
  An ufetubus (D:4)
  A worm (D:3)
  3 dart slugs (D:1)
  10 orcs
  6 ball pythons
  10 bats
  10 endoplasms
  3 giant cockroaches
  5 goblins
  9 hobgoblins
  7 jackals (D:4)
  2 quokkas
  6 frilled lizards
  8 kobolds
  6 rats
94 creatures vanquished.

Notes
Turn   | Place    | Note
-------+----------+-------------------------------------------
     0 | D:1      | firemarshallily the Demonspawn Gladiator began the quest
                  | for the Orb.
     0 | D:1      | Reached XP level 1. HP: 16/16 MP: 1/1
   125 | D:1      | Gained mutation: You have a somewhat thin skeletal
                  | structure. (Dex +2, Stealth+) [demonic ancestry]
   125 | D:1      | Reached XP level 2. HP: 22/22 MP: 2/2
   277 | D:1      | Found a faded altar of an unknown god.
   296 | D:1      | Prayed at the altar of an unknown god.
   296 | D:1      | Became a worshipper of Vehumet
   296 | D:1      | Reached * piety under Vehumet
   296 | D:1      | Offered knowledge of Foxfire by Vehumet.
   299 | D:1      | Learned a level 1 spell: Foxfire
   840 | D:1      | Gained mutation: Spells you cast may paralyse adjacent
                  | enemies. [demonic ancestry]
   840 | D:1      | Reached XP level 3. HP: 22/28 MP: 3/3
  1296 | D:2      | Offered knowledge of Scorch by Vehumet.
  1361 | D:2      | Reached ** piety under Vehumet
  2210 | D:2      | You fall into a shaft and drop 2 floors!
  2256 | D:4      | Reached XP level 4. HP: 8/35 MP: 3/5
  2501 | D:4      | Learned a level 2 spell: Scorch
  2608 | D:4      | Reached skill level 1 in Spellcasting
  2715 | D:4      | Reached skill level 1 in Short Blades
  2826 | D:4      | Reached XP level 5. HP: 30/41 MP: 7/7
  3515 | D:3      | Offered knowledge of Searing Ray by Vehumet.
  3991 | D:3      | Reached *** piety under Vehumet
  4739 | D:5      | Entered Level 5 of the Dungeon
  5203 | D:5      | Found a runed translucent door.
  5212 | D:5      | Noticed Crazy Yiuf
  5223 | D:5      | Slain by Crazy Yiuf

Illustrated notes

Levels and vault maps discovered:
D:1:      dpeg_arrival_fog, layout_loops_ring, shapermc_ecumenical_altar_ellora,
          minmay_tall_x
D:2:      layout_basic, minmay_misc_feat_rugged
D:3:      layout_loops_ring, glass_columns_b
D:4:      layout_loops_corners, chequers_serial_rivers_room_a
D:5:      layout_cave_pods, mainiacjoe_overflow_paths, lemuel_tele_altar,
          uniq_crazy_yiuf_cottage, uniq_duvessa

Skill      XL: |  1  2  3  4  5 |
---------------+----------------+-----
Long Blades    | 3 |  3.7
Fighting       | 3 |  3.8
Spellcasting   | 1 2 |  2.2
Short Blades   | 1 2 |  2.2
Throwing       | |  1.7
Dodging        | |  2.6
Stealth        | |  0.4

Action                   |  1- 3 |  4- 6 || total
-------------------------+-------+-------++-------
Melee: Long sword        |    78 |       ||    78
       Punch             |     3 |       ||     3
       Short sword       |    40 |   149 ||   189
Throw: Dart              |       |     1 ||     1
 Stab: Sleeping          |     4 |    13 ||    17
Armor: Leather armour    |    28 |    27 ||    55
Dodge: Dodged            |    79 |    71 ||   150
